 Dungeon Crawl Stone Soup version 0.27-a0-77-gd04b7445b5 (webtiles) character file.

Game seed: 14984979351315954150

70 mortress the Insei (level 4, -13/34 HPs)
             Began as a Gnoll Transmuter on Jan 13, 2021.
             Killed by divine providence
             ... invoked by an orc priest
              (14 damage)
             ... on level 2 of the Dungeon.
             The game lasted 00:11:58 (1507 turns).

mortress the Insei (Gnoll Transmuter)               Turns: 1507, Time: 00:11:59

Health: -13/34     AC:  3    Str: 12    XL:     4   Next: 22%
Magic:  11/11      EV: 15    Int: 16    God:
Gold:   87         SH:  0    Dex: 16    Spells: 10/13 levels left

rFire    . . .     SeeInvis .     - Unarmed
rCold    . . .     Faith    .   (no shield)
rNeg     . . .     Spirit   .   a - +1 robe
rPois    .         Reflect  .   (no helmet)
rElec    .         Harm     .   (no cloak)
rCorr    .         Rampage  .   (no gloves)
Will     .....                  (no boots)
Stlth    ++........             (no amulet)
HPRegen  0.11/turn              (no ring)
MPRegen  0.12/turn              (no ring)

@: wereblooded
A: distributed training, fangs 1, strong nose
a: no special abilities


You were on level 2 of the Dungeon.
You visited 1 branch of the dungeon, and saw 2 of its levels.

You collected 87 gold pieces.

Inventory:

Missiles
 b - 31 arrows
 c - 21 poisoned darts (quivered)
Armour
 a - a +1 robe (worn)
 f - a +1 cloak
Jewellery
 e - a cursed ring of teleportation {unknown}
Scrolls
 d - a scroll of immolation


   Skills:
 + Level 2.7 Fighting
 + Level 1.0 Short Blades
 + Level 1.0 Long Blades
 + Level 1.0 Axes
 + Level 1.0 Maces & Flails
 + Level 1.0 Polearms
 + Level 1.0 Staves
 + Level 1.0 Slings
 + Level 1.0 Bows
 + Level 1.0 Crossbows
 + Level 1.0 Throwing
 + Level 1.0 Armour
 + Level 4.6 Dodging
 + Level 1.0 Stealth
 + Level 1.0 Shields
 + Level 6.6 Unarmed Combat
 + Level 5.0 Spellcasting
 + Level 0.8 Conjurations
 + Level 0.8 Hexes
 + Level 0.8 Summonings
 + Level 0.8 Necromancy
 + Level 0.8 Translocations
 + Level 3.8 Transmutations
 + Level 0.8 Fire Magic
 + Level 0.8 Ice Magic
 + Level 0.8 Air Magic
 + Level 0.8 Earth Magic
 + Level 0.8 Poison Magic
 + Level 1.1 Invocations
 + Level 1.0 Evocations


You had 10 spell levels left.
You knew the following spells:

 Your Spells              Type           Power        Failure   Level
a - Beastly Appendage     Tmut           32%          3%          1
b - Wereblood             Tmut           16%          4%          2

Your spell library contained the following spells:

 Spells                   Type           Power        Failure   Level
 Spider Form              Tmut/Pois      5%           17%         3
 Ice Form                 Ice/Tmut       11%          50%         4
 Blade Hands              Tmut           8%           65%         5


Dungeon Overview and Level Annotations

Branches:
Dungeon (2/15)

Altars:


Innate Abilities, Weirdness & Mutations

Your experience applies equally to all skills.
You have very sharp teeth.
Your uncanny sense of smell can sniff out nearby items.


Message History

* * * LOW HITPOINT WARNING * * *
The orc wizard gestures wildly while chanting.
The orc wizard blinks!
The orc wizard closely misses you.
Your horns disappear.
Your talons disappear.
The orc wizard points at you and mumbles some strange words.
The magic dart hits you.
* * * LOW HITPOINT WARNING * * *
The orc wizard gestures at you while chanting.
You resist with some effort.
Casting: Beastly Appendage (safe; 3% risk of failure)
Press: ? - help, Q - select action, (/) - cycle Dir - look around, f - activate
Okay, then.
Throw: 22 darts (poison)
Press: ? - help, Q - select action, (/) - cycle Shift-Dir - straight line, f - orc
Aim: an orc, wielding a +0 hand axe and wearing a +0 ring mail (inner flame)
You throw a poisoned dart.
The poisoned dart barely misses the orc.
The orc priest mumbles some strange prayers to Beogh against you.
Beogh smites you!
You die...

#># ##..[ ####.######....
..#.......r#.##
############.#.##...###..#
......#.#.##.#.##...#o...##.#
....................ow....§#
......#.#.##....#.o.##....#.#
....###.##......#†...#..###
..#.# #.........@o...##.#
..#.# ####.########....#.
..#.######.# #...###.
....)...##.# ##### ##
....###.##.# ##### .... #.#
.... .


You could see a worm (inner flame), an orc priest (inner flame), an orc wizard
(fast, inner flame) and 2 orcs.

Vanquished Creatures
  An adder (D:2)
  An ooze (D:1)
  A dart slug (D:1)
  3 leopard geckos
  An orc (D:2)
  2 bats (D:2)
  2 giant cockroaches
  4 goblins
  6 hobgoblins
  8 jackals
  8 kobolds
  2 ball pythons (D:1)
  2 frilled lizards
  7 rats
48 creatures vanquished.

Notes
Turn   | Place    | Note
-------+----------+-------------------------------------------
     0 | D:1      | mortress the Gnoll Transmuter began the quest for the Orb.
     0 | D:1      | Reached XP level 1. HP: 17/17 MP: 6/6
   203 | D:1      | Reached XP level 2. HP: 23/23 MP: 5/7
   456 | D:1      | Reached skill level 5 in Spellcasting
   456 | D:1      | Reached XP level 3. HP: 28/28 MP: 6/9
   997 | D:1      | Reached skill level 1 in Invocations
  1085 | D:2      | Learned a level 2 spell: Wereblood
  1163 | D:2      | Reached skill level 1 in Short Blades
  1163 | D:2      | Reached skill level 1 in Long Blades
  1163 | D:2      | Reached skill level 1 in Axes
  1163 | D:2      | Reached skill level 1 in Maces & Flails
  1163 | D:2      | Reached skill level 1 in Polearms
  1163 | D:2      | Reached skill level 1 in Staves
  1163 | D:2      | Reached skill level 1 in Slings
  1163 | D:2      | Reached skill level 1 in Bows
  1163 | D:2      | Reached skill level 1 in Crossbows
  1163 | D:2      | Reached skill level 1 in Throwing
  1163 | D:2      | Reached skill level 1 in Armour
  1163 | D:2      | Reached skill level 1 in Stealth
  1163 | D:2      | Reached skill level 1 in Shields
  1163 | D:2      | Reached skill level 1 in Evocations
  1351 | D:2      | Reached XP level 4. HP: 31/34 MP: 9/11
  1497 | D:2      | HP: 1/34 [orc priest/divine providence (12)]
  1505 | D:2      | HP: 1/34 [orc wizard/magic dart (6)]
  1507 | D:2      | Killed from afar by an orc priest

Illustrated notes

Levels and vault maps discovered:
D:1:      evilmike_arrival_plus, layout_basic
D:2:      layout_loops_cross, lemuel_doored_altar,
          lemuel_coloured_pillars_altar, minmay_pentomino_z4

Skill      XL: |  1  2  3 |
---------------+----------+-----
Spellcasting   | 5 |  5.0
Invocations    | 1 |  1.1
Short Blades   | 1 |  1.0
Long Blades    | 1 |  1.0
Axes           | 1 |  1.0
Maces & Flails | 1 |  1.0
Polearms       | 1 |  1.0
Staves         | 1 |  1.0
Slings         | 1 |  1.0
Bows           | 1 |  1.0
Crossbows      | 1 |  1.0
Throwing       | 1 |  1.0
Armour         | 1 |  1.0
Stealth        | 1 |  1.0
Shields        | 1 |  1.0
Evocations     | 1 |  1.0
Fighting       | |  2.7
Dodging        | |  4.6
Unarmed Combat | |  6.6
Conjurations   | |  0.8
Hexes          | |  0.8
Summonings     | |  0.8
Necromancy     | |  0.8
Translocations | |  0.8
Transmutations | |  3.8
Fire Magic     | |  0.8
Ice Magic      | |  0.8
Air Magic      | |  0.8
Earth Magic    | |  0.8
Poison Magic   | |  0.8

Action                   |  1- 3 |  4- 6 || total
-------------------------+-------+-------++-------
Melee: Unarmed           |    88 |    18 ||   106
       Kick              |    13 |     3 ||    16
       Headbutt          |    10 |     3 ||    13
       Punch             |     3 |     1 ||     4
       Bite              |     3 |     1 ||     4
Throw: Dart              |       |     1 ||     1
 Cast: Beastly Appendage |    19 |     4 ||    23
       Wereblood         |     2 |     2 ||     4
  Use: Scroll            |       |     3 ||     3
       Potion            |       |     1 ||     1
 Stab: Sleeping          |     1 |       ||     1
Armor: Robe              |    11 |       ||    11
Dodge: Dodged            |    65 |    24 ||    89

Table legend: (Time is in decaauts)
 A = Elapsed time spent in this place.
 B = Non-inter-level travel time spent in this place.
 C = Inter-level travel time spent in this place.
 D = Time resting spent in this place.
 E = Time spent auto-exploring this place.
 F = Levels seen in this place.
 G = Mean time per level.
                   A        B        C        D        E       F      G
               +--------+--------+--------+--------+--------+-----+--------+
         Total |   1495 |   1478 |     17 |    330 |    716 |   2 |  747.5 |
       Dungeon |   1495 |   1478 |     17 |    330 |    716 |   2 |  747.5 |
               +--------+--------+--------+--------+--------+-----+--------+

Top non-repeatable levels by time:
     D:1: 1056 daAuts
     D:2: 439 daAuts
